[Event "98th Caplin Hastings Masters 2024-25"]
[Site "Hastings"]
[Date "2024.12.28"]
[Round "1.47"]
[White "Swiatkowski, Dominik"]
[Black "Alcindor, Samuel"]
[Result "0-1"]
[ECO "B38"]
[WhiteElo "1744"]
[BlackElo "1927"]
[Annotator "NA"]
[PlyCount "38"]
[EventDate "2024.12.23"]
[EventType "swiss"]
[EventCountry "ENG"]
[SourceTitle "playchess.com"]
[Source "ChessBase"]
[SourceQuality "1"]
[TimeControl "5400+30"]

1. e4 c5 2. Nf3 g6 3. d4 cxd4 4. Nxd4 Nc6 5. c4 Bg7 6. Be3 Nf6 7. f3 Qb6 8. Nf5 Qxb2 9. Nxg7+ Kf8 10. Bh6 Qxa1 11. g4 Ne5 12. g5 Nxf3+ 13. Qxf3 Qxb1+ 14. Kf2 Nxe4+ 15. Kg2 Kg8 {[%emt 0:01:40] [#]} 16. Be2 $11 Qc2 17. Rf1 Nd6 18. Ne8 Nf5 19. Rf2 Nh4+ 0-1

[Event "98th Caplin Hastings Masters 2024-25"]
[Site "Hastings"]
[Date "2024.12.28"]
[Round "1.48"]
[White "Ahn, Sungmin"]
[Black "Han, Yongsu"]
[Result "1-0"]
[ECO "C54"]
[WhiteElo "1926"]
[BlackElo "1718"]
[Annotator "RC"]
[PlyCount "61"]
[EventDate "2024.12.23"]
[EventType "swiss"]
[EventCountry "ENG"]
[SourceTitle "playchess.com"]
[Source "ChessBase"]
[SourceQuality "1"]
[TimeControl "5400+30"]

1. e4 e5 2. Nf3 Nc6 3. Bc4 Bc5 4. c3 Nf6 5. d3 O-O 6. Nbd2 d6 7. Bb3 Be6 8. O-O Bxb3 9. axb3 d5 10. b4 Bb6 11. b5 Nb8 12. Nxe5 Qe8 13. d4 dxe4 14. Re1 Qxb5 15. Nxe4 Nxe4 16. Rxe4 Qd5 17. Rh4 f6 18. Nf3 c5 19. Qc2 f5 20. dxc5 Bxc5 21. b4 Be7 22. Bg5 Bxg5 23. Nxg5 h6 24. Rd1 Re8 25. h3 Qe5 26. Qb3+ Kh8 27. Nf7+ Kh7 28. Nxe5 Rxe5 29. Rd8 Re1+ 30. Kh2 Re7 31. Qd5 1-0

[Event "98th Caplin Hastings Masters 2024-25"]
[Site "Hastings"]
[Date "2024.12.28"]
[Round "1.49"]
[White "Chapman, Luke"]
[Black "Bilandzic, Ante"]
[Result "1-0"]
[ECO "B12"]
[WhiteElo "1706"]
[BlackElo "1912"]
[Annotator "NA RC"]
[PlyCount "85"]
[EventDate "2024.12.23"]
[EventType "swiss"]
[EventCountry "ENG"]
[SourceTitle "playchess.com"]
[Source "ChessBase"]
[SourceQuality "1"]
[TimeControl "5400+30"]

1. e4 c6 2. d4 d5 3. f3 e6 4. Nc3 Bb4 5. a3 Bxc3+ 6. bxc3 c5 7. Be3 dxe4 8. Nh3 exf3 9. Qxf3 Nf6 10. Bd3 Nc6 11. Rd1 Bd7 12. O-O Qe7 13. Rb1 cxd4 14. Bg5 Rb8 15. Qg3 e5 16. Bxf6 gxf6 17. Qg7 Rf8 18. Rxf6 Bxh3 19. Rxc6 Kd7 20. Rf6 Bxg2 21. Bf5+ Kc7 22. Bxh7 Be4 23. Rbf1 Bd5 24. cxd4 Qxa3 25. R6f2 Rbe8 26. c3 Qd6 27. Rf6 Qe7 28. Re1 e4 29. Rf5 Qd7 30. Qg3+ Kc8 31. c4 Bc6 32. d5 Ba4 33. Rf6 Qc7 34. Qxc7+ Kxc7 35. Rxe4 Rg8+ 36. Kf2 Rxe4 37. Rxf7+ Bd7 38. Bxe4 b6 39. Bf5 Rd8 40. h4 Kd6 41. Rxd7+ Rxd7 42. Bxd7 Kxd7 43. h5 1-0

[Event "98th Caplin Hastings Masters 2024-25"]
[Site "Hastings"]
[Date "2024.12.28"]
[Round "1.50"]
[White "Jukes, Sam"]
[Black "Lee, Jungsoo"]
[Result "1-0"]
[ECO "B03"]
[WhiteElo "1911"]
[BlackElo "1705"]
[Annotator "NA"]
[PlyCount "103"]
[EventDate "2024.12.23"]
[EventType "swiss"]
[EventCountry "ENG"]
[SourceTitle "playchess.com"]
[Source "ChessBase"]
[SourceQuality "1"]
[TimeControl "5400+30"]

1. e4 Nf6 2. e5 Nd5 3. d4 d6 4. c4 Nb6 5. f4 g6 6. Nc3 Bg7 7. Be3 O-O 8. Nf3 dxe5 9. fxe5 c5 10. d5 Bg4 11. Bf4 N8d7 12. Qe2 Qb8 13. O-O-O Bxf3 14. Qxf3 Bxe5 15. Bh6 Bg7 16. Bf4 Qd8 17. h4 Ne5 18. Bxe5 Bxe5 19. h5 Kg7 20. Ne4 Nd7 21. Qh3 Bf4+ 22. Kb1 Rh8 23. h6+ Kf8 24. Bd3 Nf6 25. Nxc5 Qb6 26. Nd7+ Nxd7 27. Qxd7 Be5 28. Rd2 Qe3 29. Kc2 Qb6 30. Kb1 Qe3 31. Rhd1 Qxh6 32. Re2 Bf6 33. Qxb7 Kg7 34. Rf1 Qg5 35. Qc7 Rhb8 36. Qf4 Rd8 37. Qxg5 Bxg5 38. Kc2 Rac8 39. Kb3 Bf6 40. Rd1 Rb8+ 41. Ka3 Rd6 42. b4 Bc3 43. b5 Bf6 44. Kb4 e6 45. Be4 a6 46. a4 axb5 47. axb5 h5 48. c5 Ra6 49. d6 Bd8 50. c6 Ba5+ 51. Kc4 Bb6 52. bxa6 1-0

[Event "98th Caplin Hastings Masters 2024-25"]
[Site "Hastings"]
[Date "2024.12.28"]
[Round "1.51"]
[White "Kim, Yegeon"]
[Black "Vaidyanathan, Sathya"]
[Result "1-0"]
[ECO "C79"]
[WhiteElo "1697"]
[BlackElo "1908"]
[Annotator "RC"]
[PlyCount "73"]
[EventDate "2024.12.23"]
[EventType "swiss"]
[EventCountry "ENG"]
[SourceTitle "playchess.com"]
[Source "ChessBase"]
[SourceQuality "1"]
[TimeControl "5400+30"]

1. e4 e5 2. Nf3 Nc6 3. Bb5 a6 4. Ba4 Nf6 5. O-O d6 6. c3 g6 7. Re1 Bg7 8. h3 O-O 9. d4 b5 10. Bc2 h6 11. Be3 Bd7 12. Nbd2 Nh7 13. Nf1 f5 14. dxe5 f4 15. Bd4 dxe5 16. Bxe5 Bxe5 17. Qd5+ Kg7 18. Nxe5 Nxe5 19. Qxe5+ Nf6 20. Nh2 Kh7 21. Qxf4 Ng4 22. Qg3 Nxh2 23. Kxh2 Bc6 24. Rad1 Qe7 25. e5 Qe6 26. h4 h5 27. f4 Rad8 28. Rxd8 Rxd8 29. Qg5 Rd2 30. f5 Qd7 31. Qxg6+ Kh8 32. Qxh5+ Kg7 33. f6+ Kf8 34. Qh8+ Kf7 35. e6+ Qxe6 36. Qg7+ Ke8 37. Rxe6+ 1-0

[Event "98th Caplin Hastings Masters 2024-25"]
[Site "Hastings"]
[Date "2024.12.28"]
[Round "1.52"]
[White "Sasikumar, Srivathsan"]
[Black "Choi, Hyunbin"]
[Result "1-0"]
[ECO "C29"]
[WhiteElo "1904"]
[BlackElo "1673"]
[Annotator "NA RC"]
[PlyCount "73"]
[EventDate "2024.12.23"]
[EventType "swiss"]
[EventCountry "ENG"]
[SourceTitle "playchess.com"]
[Source "ChessBase"]
[SourceQuality "1"]
[TimeControl "5400+30"]

1. e4 e5 2. Nc3 Nf6 3. f4 d5 4. fxe5 Nxe4 5. Qf3 Nxc3 6. bxc3 c5 7. Bb5+ Nc6 8. Ne2 Be7 9. O-O O-O 10. Bxc6 bxc6 11. d4 f6 12. Qg3 Kh8 13. Bf4 Ba6 14. Rfe1 fxe5 15. Bxe5 Bf6 16. Nf4 Bxe5 17. dxe5 Qe7 18. Rab1 Rf5 19. h4 Raf8 20. Nh3 Bc4 21. a3 h6 22. e6 Bb5 23. Re5 Qf6 24. Rxf5 Qxf5 25. Re1 Re8 26. Qd6 Qf6 27. h5 Rd8 28. Qc7 Re8 29. e7 Kg8 30. Re3 d4 31. Qd7 Qf7 32. Re5 Bc4 33. Nf4 Kh7 34. Ng6 Rb8 35. e8=Q Qf1+ 36. Kh2 Bd5 37. Rxd5 1-0

[Event "98th Caplin Hastings Masters 2024-25"]
[Site "Hastings"]
[Date "2024.12.28"]
[Round "1.53"]
[White "Kim, Nayoon B"]
[Black "Vaidyanathan, Adithya"]
[Result "1-0"]
[ECO "A37"]
[WhiteElo "1663"]
[BlackElo "1904"]
[Annotator "RC"]
[PlyCount "137"]
[EventDate "2024.12.23"]
[EventType "swiss"]
[EventCountry "ENG"]
[SourceTitle "playchess.com"]
[Source "ChessBase"]
[SourceQuality "1"]
[TimeControl "5400+30"]

1. c4 c5 2. Nc3 g6 3. g3 Bg7 4. Bg2 Nc6 5. Nf3 e5 6. O-O Nge7 7. d3 O-O 8. a3 d6 9. Rb1 f5 10. Qc2 a5 11. Bg5 Be6 12. Nd5 Bxd5 13. cxd5 Nb8 14. b4 axb4 15. axb4 Na6 16. bxc5 Nxc5 17. e4 Ra3 18. Ne1 Qd7 19. Be3 Rc8 20. Qd2 Ra4 21. Bxc5 Rxc5 22. Rb3 Nc8 23. Qb2 b6 24. Nc2 fxe4 25. dxe4 Bh6 26. Nb4 Qc7 27. Nc6 Rac4 28. Bh3 Bf8 29. f4 Rc2 30. Qa1 Ne7 31. fxe5 dxe5 32. Be6+ Kg7 33. Qa8 Nf5 34. exf5 Bd6 35. f6+ Kh6 36. f7 Rc1 37. f8=Q+ Bxf8 38. Qxf8+ Qg7 39. Qxg7+ Kxg7 40. Rxc1 Rxc1+ 41. Kg2 Rc2+ 42. Kh3 Kf6 43. Rf3+ Kg5 44. Nxe5 Kh6 45. Ng4+ Kg5 46. d6 Rd2 47. Nf6 Kh6 48. Ng8+ Kg5 49. d7 Rd6 50. Ne7 b5 51. Nc6 b4 52. d8=Q+ Rxd8 53. Nxd8 Kh6 54. Kh4 b3 55. Rxb3 g5+ 56. Kg4 Kg6 57. Bf5+ Kf6 58. Rb6+ Ke5 59. Re6+ Kd5 60. Be4+ Kc5 61. Kf5 h5 62. Ke5 h4 63. Rc6+ Kb5 64. Bd3+ Kb4 65. Kd4 hxg3 66. Rb6+ Ka5 67. Rb5+ Ka6 68. Kc5 g2 69. Rb1+ 1-0

[Event "98th Caplin Hastings Masters 2024-25"]
[Site "Hastings"]
[Date "2024.12.29"]
[Round "2.1"]
[White "Vestby-Ellingsen, Mads"]
[Black "Zhang, Pengxiang"]
[Result "1-0"]
[ECO "B48"]
[WhiteElo "2383"]
[BlackElo "2567"]
[Annotator "TA"]
[PlyCount "127"]
[EventDate "2024.12.23"]
[EventType "swiss"]
[EventCountry "ENG"]
[SourceTitle "playchess.com"]
[Source "ChessBase"]
[SourceQuality "1"]
[TimeControl "5400+30"]

1. e4 c5 2. Nf3 e6 3. d4 cxd4 4. Nxd4 Nc6 5. Nc3 Qc7 6. Be3 a6 7. Qf3 b5 8. Qg3 Qxg3 9. hxg3 Bb7 10. Nb3 Nf6 11. f3 Be7 12. g4 d6 13. Be2 O-O 14. O-O-O Rac8 15. Rh3 Rfd8 16. Rdh1 h6 17. g5 Nd7 18. gxh6 g6 19. Rd1 Nc5 20. Kb1 b4 21. Nxc5 dxc5 22. Rxd8+ Rxd8 23. Na4 Nd4 24. Bd3 Kh7 25. Rh1 Bc6 26. Nb6 Bb5 27. Nc4 f6 28. Na5 e5 29. Bxb5 axb5 30. c3 $1 bxc3 31. bxc3 Ne2 32. Nc6 $1 Rd7 (32... Nxc3+ $2 33. Kc2 Nxa2 34. Nxd8 (34. Nxe7 Nb4+ 35. Kb2 Rd7 $18) 34... Bxd8 35. Rd1 (35. Bxc5 Ba5 $18) 35... Nb4+ 36. Kb1 $18) 33. Nxe7 Rxe7 34. Kc2 (34. Bxc5 Nxc3+ (34... Rc7 35. Bf8 $16) 35. Kc2 Rc7 36. Kxc3 Rxc5+ 37. Kb3 g5 $14) 34... Rc7 ({Black should try} 34... Ra7) 35. Rb1 $16 b4 36. cxb4 cxb4+ 37. Kd2 $1 Nf4 38. Rxb4 (38. Bxf4 $1 exf4 39. Rxb4) 38... Nxg2 (38... Rd7+ $142 39. Kc2 Nxg2) 39. Bb6 $1 $16 Rd7+ (39... Rc6 $16) 40. Kc3 $18 Ne1 41. Rb1 $2 (41. a4 $18) 41... Nxf3 (41... Rd6 $1 $14 {should be considered.}) 42. a4 $1 $16 Nd4 (42... Nd2 $16 {keeps fighting.} 43. Re1 Nf3) 43. a5 $18 Rb7 44. a6 Rb8 45. Kc4 Ra8 46. Ra1 $2 ({Better is} 46. Bxd4 $18 exd4 47. Rb6) 46... Kxh6 $14 47. Kd5 (47. Bxd4 $14 exd4 48. a7 (48. Kxd4 f5 $16)) 47... Kg5 48. Kd6 Kf4 49. Kc7 Kxe4 50. Kb7 Rg8 51. a7 g5 52. Re1+ (52. a8=B Kf4 53. Ra6 g4 (53... f5 54. Bc7 $17)) 52... Kd5 53. Rc1 (53. a8=B g4 54. Ra1 Rg7+ 55. Ka6+ Ke6 $17) (53. a8=Q Rxa8 54. Kxa8 f5) 53... Nf5 $2 (53... Ne6 $11) 54. Rd1+ $2 (54. a8=B $2 Nd6+ 55. Ka7+ Ke6 $19) (54. Bc7 $1 $18 {[%cal Rc7b8] Bb8 would now be deadly.} Nd6+ 55. Ka6 (55. Bxd6 Kxd6 56. Rc6+ Kd5 $11)) 54... Nd4 $11 55. Rc1 $2 (55. a8=Q Rxa8 56. Kxa8 f5) (55. Rg1 $11) 55... Nf5 $18 {[%emt 0:00:03] [#]} 56. Bc7 $1 (56. a8=B $2 Nd6+ 57. Ka7+ Ke6 $17) 56... Nd6+ {[%emt 0:00:09] [#]} 57. Ka6 $1 (57. Bxd6 Kxd6 58. Rc8 (58. a8=B $2 {is the wrong capture.} e4 $19) (58. a8=Q Rxa8 59. Rd1+ Ke6 $17) 58... Rg7+ (58... Rxc8 $2 59. Kxc8 f5 60. a8=Q $18) 59. Kb8 (59. Kb6 Rxa7 60. Kxa7 e4 $17) 59... Rxa7 60. Kxa7 Kd5 $11) 57... Ra8 58. Rd1+ Ke4 59. Bxd6 g4 60. Rf1 f5 61. Re1+ Kf3 62. Rxe5 g3 63. Rxf5+ Kg4 64. Rf4+ 1-0

[Event "98th Caplin Hastings Masters 2024-25"]
[Site "Hastings"]
[Date "2024.12.29"]
[Round "2.2"]
[White "Laurent-Paoli, Pierre"]
[Black "Grutter, Tim"]
[Result "1/2-1/2"]
[ECO "E73"]
[WhiteElo "2559"]
[BlackElo "2379"]
[Annotator "TA"]
[PlyCount "102"]
[EventDate "2024.12.23"]
[EventType "swiss"]
[EventCountry "ENG"]
[SourceTitle "playchess.com"]
[Source "ChessBase"]
[SourceQuality "1"]
[TimeControl "5400+30"]

1. d4 Nf6 2. c4 g6 3. Nc3 Bg7 4. e4 d6 5. Be2 O-O 6. h3 Nc6 7. Nf3 e5 8. d5 Nd4 9. Nxd4 exd4 {[%emt 0:00:04] White is slightly better.} 10. Qxd4 Re8 11. Qd3 Qe7 12. f3 Nh5 13. g4 Ng3 14. Rg1 Qh4 15. Kd1 f5 (15... Nxe2 $11 {keeps the balance.} 16. Qxe2 a6) 16. gxf5 $1 $16 gxf5 (16... Qxh3 $2 17. f4 Bxc3 18. Qxg3 (18. bxc3 Nxe4 19. Qxh3 Nf2+ 20. Ke1 Nxh3 $19) 18... Qxg3 19. Rxg3 $18) 17. Bd2 Nxe2 (17... Qxh3 $2 18. f4 $18) (17... Kh8 $14) 18. Qxe2 $18 {[%emt 0:08:36] Bg5 is the strong threat.} Kh8 19. Qg2 ({White should play} 19. Nb5 $16 Qe7 20. Kc2) 19... Bf6 $14 20. Bg5 (20. Kc2 $16) 20... Bxg5 21. Qxg5 Qxg5 22. Rxg5 fxe4 23. Nxe4 Bxh3 24. Kd2 {[%emt 0:00:57] Hoping for Rh1.} Rf8 25. Ke3 Bf5 26. Rh1 Rae8 27. b4 Rf6 28. c5 Bg6 {[%emt 0:03:26][%cal Of6f3] ...Rxf3+! would now be deadly.} 29. Kd4 (29. cxd6 $14 cxd6 (29... Rxf3+ $2 30. Kxf3 Bxe4+ 31. Kf4 $18) 30. Rh4) 29... dxc5+ $1 $11 30. bxc5 Ra6 31. Nc3 Rf6 32. Ne4 Ra6 33. Nc3 Rf6 34. Rh4 Kg7 35. f4 Re1 36. Re5 Rf1 37. Ke3 Re1+ 38. Kd4 Rf1 39. Ke3 Re1+ 40. Ne2 Rd1 41. Ng3 ({White should try} 41. Rg4 $11 Kf7 42. c6 bxc6 43. Rgg5) 41... Rd3+ $15 42. Kf2 Ra6 $1 43. f5 (43. Nf5+ $15 Kf6 (43... Bxf5 44. Rxf5 Rxa2+ 45. Ke1 $11) 44. Ne3) 43... Rxa2+ $17 44. Ne2 {[%emt 0:00:27] [#]} (44. Re2 $17 Rxe2+ 45. Kxe2 Rxg3 46. fxg6 Rxg6 (46... Kxg6 47. Rb4 $11) (46... hxg6 47. d6 $15) 47. Kd3) 44... Bf7 $1 $19 45. c6 Bxd5 (45... Rxd5 46. cxb7 Rxe5 47. Rg4+ (47. b8=B $2 {too greedy.} Rexe2+ 48. Kg3 Re3+ 49. Kf4 Rb3 $19) 47... Kf6 48. b8=Q (48. b8=B {is a self mate.} Rexe2+ 49. Kf3 Bd5+) 48... Rexe2+ 49. Kg3 (49. Kf3 Bd5+ $19) 49... Ra3+ (49... Kxf5 50. Qb5+ Ke6 51. Qc6+ Ke7 52. Qxc7+ Ke8 53. Kh4 $14) 50. Kf4 Rf2+ 51. Ke4 Re2+ 52. Kf4 Rf2+ 53. Ke4 Ra4+ 54. Ke3 $11) (45... b5 $19 {has better winning chances.} 46. Re7 Rxd5) 46. cxb7 $17 Bxb7 47. Rc4 (47. Re7+ $17 Kf6 48. Rhxh7) 47... Kf6 $19 48. Re6+ Kxf5 49. Re7 {[%emt 0:00:02] [#]} Rdd2 $2 (49... Bd5 $1 $19 50. Rcxc7 a5) 50. Rf4+ $11 Kg6 {[%emt 0:00:38] White must now prevent ...Bd5.} (50... Kg5 $5 51. Re5+ $8 Kg6 52. Re6+ Kg5 53. Re5+ Kg6 54. Re6+ Kg7 55. Re7+ Kg6 56. Re6+ $11) 51. Re6+ Kg5 {[%emt 0:00:30] White used his chance.   Weighted Error Value: White=0.18 (very precise) /Black=0.19 (very precise) .  Missed win:     	---       	Black=1      Mistake:       	White=7     	Black=3      Inaccurate:     	White=1     	Black=1      OK:         	White=14    	Black=19     Best:        	White=2     	Black=7      Strong:       	White=1     	Black=3} 1/2-1/2

[Event "98th Caplin Hastings Masters 2024-25"]
[Site "Hastings"]
[Date "2024.12.29"]
[Round "2.3"]
[White "Balaji, Aaravamudhan"]
[Black "Boyer, Mahel"]
[Result "0-1"]
[ECO "B06"]
[WhiteElo "2364"]
[BlackElo "2526"]
[Annotator "TA"]
[PlyCount "74"]
[EventDate "2024.12.23"]
[EventType "swiss"]
[EventCountry "ENG"]
[SourceTitle "playchess.com"]
[Source "ChessBase"]
[SourceQuality "1"]
[TimeControl "5400+30"]

1. d4 g6 2. e4 Bg7 3. Nc3 d6 4. Be3 Nf6 5. Nf3 O-O 6. Qd2 c6 7. h3 Nbd7 8. a4 e5 9. dxe5 dxe5 10. Qd6 {[%emt 0:17:24] B08: Pirc Defence: Classical System.} Qa5 11. Nd2 $146 ({Predecessor:} 11. b4 Qd8 12. a5 Ne8 13. Qd1 Qe7 14. Qb1 Kh8 15. Bd3 f5 16. O-O Nc7 17. Bc1 Ne6 {½-½ Jose Queralto,D (2460)-Bloesl,S (2404) Champion's League 2021/C4 email}) 11... Re8 12. Nc4 Qd8 $1 (12... Nxe4 $2 13. Qa3 Bf8 14. Nxa5 $18) 13. Qd3 Qe7 14. O-O-O Bf8 (14... Nc5 $6 15. Qd6 Ne6 16. a5 $16 (16. Nxe5 Qxd6 17. Rxd6 Nxe4 $14) (16. Qxe5 Ng4 $11)) 15. Nd6 Rd8 16. Qc4 Nb6 17. Nxc8 Raxc8 18. Qb3 Rxd1+ 19. Kxd1 Rc7 20. Kc1 (20. Qa2 {is interesting.} Qb4 21. a5 Nbd7 22. Bc4) 20... Nbd7 21. Be2 a6 22. a5 Qb4 23. Qa2 Bc5 24. Bd2 (24. Bxc5 $15 Nxc5 25. f3) 24... Nxe4 $17 (24... Bxf2 25. Nd5 Qd6 (25... Qxe4 26. Bf3 $16) 26. Nxc7 Nxe4 27. Bh6 Qxc7 (27... Ng3 $2 28. Bc4 $18) 28. Rf1 $14) 25. Nxe4 Qxe4 26. Bf3 Qh4 27. g3 Qf6 28. Be2 Nf8 (28... Qxf2 $2 29. Rf1 Qxe2 30. Qxf7+ Kh8 31. Qe8+ Nf8 32. Re1 $18 (32. Rxf8+ Kg7 $18) (32. Rxf8+ Kg7 $18)) 29. Rf1 Rd7 (29... Bxf2 30. Qc4 $14) 30. h4 h5 (30... Bxf2 31. Bg5 Qf5 32. g4 $11) 31. Qc4 Ne6 (31... Bxf2 $2 32. Bg5 Qf5 33. g4 $18) 32. g4 (32. Be3 $17 {keeps fighting.} Rd5 33. Kb1) 32... Rd4 $19 (32... Bxf2 33. gxh5 Rd4 (33... Qxh4 34. hxg6 Nd4 35. Kb1 $18) 34. Qc3 gxh5 (34... Qxh4 $2 35. hxg6 fxg6 36. Qb3 $18) 35. Bxh5 $15) 33. Qb3 Nf4 (33... Qxh4 34. Qxb7 hxg4 35. Qxc6 $15) (33... hxg4 $19 {[%cal Od4d2] and Black stays clearly on top. White must now prevent ...Rxd2!} 34. Qxb7 Rxd2 (34... Qxh4 35. Qxc6 Rd6 36. Qa8+ Rd8 37. Qb7 $11) 35. Kxd2 Qf4+ 36. Kd1 Bxf2 37. Qb8+ Nf8) 34. Bd1 $2 (34. Bc4 $17) 34... hxg4 $19 (34... Qxh4 35. Bxf4 Rxf4 36. gxh5 $17) 35. Qxb7 $2 (35. Bxg4 Qxh4 36. Bxf4 Rxf4 (36... Qxg4 $2 37. Bg3 $19) 37. Bd1) 35... g3 $19 ({Less strong is} 35... Qxh4 36. Qxc6 Bf8 37. Be3 $17 (37. Qxa6 Qd8 $15)) 36. Qb8+ Rd8 37. Qc7 g2 (37... Qxh4 38. fxg3 (38. Qxc6 $2 g2 $19) 38... Qf6 39. gxf4 $18) 0-1

[Event "98th Caplin Hastings Masters 2024-25"]
[Site "Hastings"]
[Date "2024.12.29"]
[Round "2.4"]
[White "Stefansson, Vignir Vatnar"]
[Black "Waldhausen Gordon, Frederick"]
[Result "1/2-1/2"]
[ECO "D37"]
[WhiteElo "2537"]
[BlackElo "2355"]
[Annotator "TA"]
[PlyCount "56"]
[EventDate "2024.12.23"]
[EventType "swiss"]
[EventCountry "ENG"]
[SourceTitle "playchess.com"]
[Source "ChessBase"]
[SourceQuality "1"]
[TimeControl "5400+30"]

1. d4 Nf6 2. c4 e6 3. Nf3 d5 4. Nc3 Be7 5. g3 O-O 6. Bg2 dxc4 7. Ne5 c5 8. dxc5 Qc7 (8... Qxd1+ {simplifies} 9. Nxd1 Bxc5 10. Nxc4 Nc6) 9. Nxc4 Qxc5 10. b3 Rd8 {[%emt 0:04:39] [#]} 11. Ba3 $1 Rxd1+ 12. Rxd1 Qh5 13. Bxe7 $16 Nfd7 {[%emt 0:06:59][%cal Bf6d7,Bd7e5,Be5f3][%mdl 32] Black is weak on the dark squares} 14. Bf3 {[%emt 0:21:47] This pair of bishops is nice.} Qg6 15. O-O {[%emt 0:04:27] White has more active pieces. The black rooks are passive.} f6 {[%emt 0:18:58] [#]} (15... Nc6 $16) 16. Na5 $1 $18 Na6 17. Nxb7 {[%emt 0:00:17] And now Na5 would win.} Rb8 (17... Ne5 {was called for.} 18. Be4 f5) 18. Na5 Ne5 19. Rd8+ Kf7 20. Bd6 $2 ({White must play} 20. Be4 $18 Qh5 21. Bd6) 20... Nxf3+ $14 21. exf3 Qd3 22. Ne4 (22. Bxb8 $2 Qxd8 23. Nc6 Qd3 $19) 22... e5 $1 {[%emt 0:05:47] aiming for ...Bh3.} 23. Bc7 $1 {[%emt 0:06:23] Chess con chili.} Qxf3 $40 {[%emt 0:02:20][%cal Oc8h3][%mdl 128] ( -> ...Bh3!) Black mounts an attack.} 24. Nd6+ (24. Bxb8 Bh3) 24... Kg6 25. Nxc8 Rb5 (25... Nxc7 $5 26. Ne7+ $8 Kf7 27. Rxb8 Ne6 $11) 26. a4 ({Of course not} 26. Nxa7 Nxc7 27. Nxb5 Nxb5 $17) (26. Ne7+ $11 {keeps the balance.} Kg5 27. Bxe5 Rxa5 28. Bb2) 26... Rc5 $17 27. Bxe5 $2 Rxe5 28. Nc4 Re6 1/2-1/2

[Event "98th Caplin Hastings Masters 2024-25"]
[Site "Hastings"]
[Date "2024.12.29"]
[Round "2.5"]
[White "Xue, Haowen"]
[Black "Siva Mahadevan"]
[Result "1/2-1/2"]
[ECO "A15"]
[WhiteElo "2502"]
[BlackElo "2349"]
[Annotator "TA"]
[PlyCount "83"]
[EventDate "2024.12.23"]
[EventType "swiss"]
[EventCountry "ENG"]
[SourceTitle "playchess.com"]
[Source "ChessBase"]
[SourceQuality "1"]
[TimeControl "5400+30"]

1. c4 Nf6 2. Nf3 c6 3. g3 d5 4. Bg2 g6 5. O-O Bg7 6. b3 Ne4 7. d4 O-O 8. Bb2 Qa5 9. Nfd2 Nxd2 10. Qxd2 Qxd2 11. Nxd2 Rd8 12. Rac1 Na6 13. a3 Be6 14. Rfd1 c5 15. e3 Rab8 16. cxd5 Bxd5 17. Bxd5 Rxd5 18. Nf3 (18. f4 $5) 18... Rbd8 19. Rd2 {[%emt 0:00:00] [#]} e5 $1 20. e4 R5d7 21. d5 (21. Nxe5 $2 {too greedy.} Bxe5 22. d5 Bxb2 23. Rxb2 f5 $19) 21... Bh6 22. Bxe5 f5 23. Bf4 Bxf4 24. gxf4 fxe4 25. Ng5 Rxd5 26. Rxd5 Rxd5 27. Nxe4 $11 {[%emt 0:00:07][%mdl 4096] Endgame KRN-KRN} Kg7 {[%emt 0:00:24] Wards off Nf6} 28. Kg2 b6 29. b4 h6 (29... Rd4 $15 {should be considered.} 30. Ng5 Kf6) 30. Rc4 Kf7 31. Nc3 Rd3 {[%emt 0:02:50] and ...cxb4 should not be overlooked} 32. Nb5 Ke6 33. bxc5 {[%emt 0:02:06] c6 would now be deadly.} Nxc5 34. Nxa7 Kd5 35. Rb4 Rxa3 36. Nc8 Nd3 37. Nxb6+ Kc6 38. Ra4 Rxa4 39. Nxa4 Nxf4+ 40. Kf3 Ne6 41. Nc3 Kd6 42. Ke4 1/2-1/2

[Event "98th Caplin Hastings Masters 2024-25"]
[Site "Hastings"]
[Date "2024.12.29"]
[Round "2.6"]
[White "Lucas, Arthur"]
[Black "Ghazarian, Kirk"]
[Result "0-1"]
[ECO "C01"]
[WhiteElo "2335"]
[BlackElo "2501"]
[Annotator "TA"]
[PlyCount "90"]
[EventDate "2024.12.23"]
[EventType "swiss"]
[EventCountry "ENG"]
[SourceTitle "playchess.com"]
[Source "ChessBase"]
[SourceQuality "1"]
[TimeControl "5400+30"]

1. e4 e6 2. d4 d5 3. exd5 exd5 4. Nf3 Nc6 5. Bb5 Bd6 6. c4 dxc4 7. d5 a6 8. Ba4 b5 9. dxc6 bxa4 10. O-O Ne7 11. Nbd2 Be6 12. Qxa4 Bd5 13. Nxc4 Bxc6 {[%emt 0:00:54] A strong pair of Bishops.} (13... Nxc6 $2 14. Nxd6+ Qxd6 15. Bf4 $18) (13... Bxf3 $6 14. gxf3 O-O 15. Rd1 $16) 14. Qd1 O-O 15. Nxd6 cxd6 16. Bf4 Ng6 17. Bg3 Qb6 18. Qxd6 (18. Bxd6 $2 {perishes.} Bxf3 19. Qxf3 Qxd6 $19) 18... Rad8 19. Qc7 Qxc7 $1 20. Bxc7 Rd7 21. Ba5 Bxf3 22. gxf3 Rd5 23. Bc3 Rfd8 24. Kh1 Rd3 25. Rae1 Rxf3 26. Re3 Rxe3 27. fxe3 $11 {[%emt 0:00:02][%mdl 4096] Endgame KRB-KRN} f6 28. Kg2 Kf7 29. Kf3 Ke6 30. Ke4 Rd5 31. Bd4 Rh5 32. Rc1 Rh4+ 33. Kd3 Rxh2 34. Rc6+ Kf5 35. Rxa6 h5 36. a4 $2 {[%emt 0:02:24] [#]} (36. Ra7 $1 $11) 36... h4 $1 $17 {[%emt 0:00:50] Black is more active.} 37. Rc6 {[%emt 0:00:30] [#]} Ne5+ ({Black should try} 37... Rh1 $1 $19 38. Rc2 h3 39. e4+ Kf4) 38. Bxe5 fxe5 {[%emt 0:00:24] KR-KR} 39. b4 $2 (39. e4+ $17 Kf4 40. Rg6) 39... Ra2 $19 40. a5 (40. e4+ $142 Kf4 41. Rg6) 40... h3 41. Rc8 g5 42. Rh8 g4 43. Kc4 h2 {[%emt 0:00:50] Strongly threatening ...g3.} 44. a6 g3 (44... Rxa6 $2 45. Rxh2 g3 46. Rg2 $19) 45. b5 Ra1 0-1